 Dungeon Crawl Stone Soup version 0.21-a0-257-gbb444f2 (webtiles) character file.

314 Chiseanne the Chopper (level 6, -2/52 HPs)
             Began as a Hill Orc Wanderer on Sept 6, 2017.
             Was an Initiate of Beogh.
             Slain by an iguana (5 damage)
             ... on level 4 of the Dungeon.
             The game lasted 00:07:04 (2826 turns).

Chiseanne the Chopper (Hill Orc Wanderer)           Turns: 2826, Time: 00:07:05

Health: -2/52      AC:  9    Str: 15    XL:     6   Next: 43%
Magic:  6/6        EV: 10    Int: 10    God:    Beogh [......]
Gold:   211        SH:  0    Dex: 14    Spells: 5/5 levels left

rFire    . . .     SeeInvis .   a - +2 hand axe
rCold    . . .     Gourm    .   (no shield)
rNeg     . . .     Faith    .   w - +0 scale mail
rPois    .         Spirit   .   (no helmet)
rElec    .         Reflect  .   (no cloak)
rCorr    .         Harm     .   x - +1 pair of gloves
MR       .....                  (no boots)
Stlth    ..........             (no amulet)
HPRegen  0.17/turn              (no ring)
MPRegen  0.10/turn              (no ring)

@: no status effects
A: no striking features
a: Renounce Religion


You were on level 4 of the Dungeon.
You worshipped Beogh.
Beogh was noncommittal.
You were not hungry.

You visited 1 branch of the dungeon, and saw 4 of its levels.

You collected 211 gold pieces.

Inventory:

Hand Weapons
 a - a +2 hand axe (weapon)
 y - the cursed +1 dagger of Freehold {pierce, MR+, unknown}
   (You found it on level 4 of the Dungeon)

   It inflicts extra damage upon your enemies.
   It affects your resistance to hostile enchantments.
   It has a curse placed upon it.
Missiles
 d - 164 stones
 g - 8 tomahawks (quivered)
 i - 14 poisoned needles
 o - 128 arrows
 p - 3 needles of sleeping
 t - 50 sling bullets
Armour
 r - a +0 buckler
 w - a +0 scale mail (worn)
 x - a +1 pair of gloves (worn)
Jewellery
 q - an uncursed ring of fire
Wands
 j - a wand of flame (12/48)
Scrolls
 c - a scroll of teleportation
 h - 4 scrolls of remove curse
 v - a scroll of enchant weapon {unknown}
Potions
 b - a potion of curing
 e - a potion of haste {unknown}
 k - 2 potions of flight {unknown}
 m - a potion of heal wounds {unknown}
 n - a potion of magic {unknown}
 s - a potion of lignification {unknown}
 z - a potion of invisibility {unknown}
Comestibles
 f - 5 bread rations
 l - 2 meat rations
 u - a royal jelly


   Skills:
 * Level 4.3 Fighting
 - Level 6.1 Axes
 * Level 4.8 Armour
 * Level 2.2 Dodging
 - Level 1.0 Stealth
 - Level 1.1 Shields
 * Level 1.1 Invocations


You had 5 spell levels left.
You didn't know any spells.

Dungeon Overview and Level Annotations

Branches:
Dungeon (4/15)             Temple (0/1) D:4

Altars:
Kikubaaqudgha
Makhleb
Nemelex Xobeh
Okawaru


Message History

Aim: an iguana (almost dead)
The puff of flame misses the iguana.
Evoking this partially-identified wand wasted a few charges.
The iguana bites you.
* * * LOW HITPOINT WARNING * * *
Evoke which item? (* to show all) (? for menu, Esc to quit)
Aiming: Throw Flame (will waste charges)
Press: ? - help, Shift-Dir - straight line, f/p - iguana
Aim: an iguana (almost dead)
The puff of flame misses the iguana.
Evoking this partially-identified wand wasted a few charges.
The iguana barely misses you.
Evoke which item? (* to show all) (? for menu, Esc to quit)
Aiming: Throw Flame (will waste charges)
Press: ? - help, Shift-Dir - straight line, f/p - iguana
Aim: an iguana (almost dead)
The puff of flame misses the iguana.
Evoking this partially-identified wand wasted a few charges.
The iguana bites you.
You die...

).# #.........###....####.
... ..........###....###..
.........#...........##..#
.....#..##.......#...#..##
.....#..##.#.#####...##..#
......................##..
................#####.####
...###..##.#............##
........l@...............#
..####+###.#.###.####.....
#.#..............
#.#..###.###.....
#.....[..........
#.#..#....##.##.#
#.#..#...........
.##.#.............#
...................


You could see an iguana.

Vanquished Creatures
  A phantom (D:4)
  A hound (D:4)
  An orc priest (D:4)
  3 worker ants
  2 oozes (D:2)
  3 worms (D:2)
  2 dart slugs
  5 leopard geckos
  2 orcs
  9 bats
  2 bat zombies (D:3)
  2 giant cockroaches
  2 goblins (D:1)
  10 hobgoblins
  2 jackals (D:2)
  7 kobolds
  2 quokkas
  3 ball pythons
  2 frilled lizards
  7 rats
  2 rat zombies (D:3)
70 creatures vanquished.

Vanquished Creatures (others)
  A gnoll (D:4)
1 creature vanquished.

Grand Total: 71 creatures vanquished

Notes
Turn   | Place    | Note
-------+----------+-------------------------------------------
     0 | D:1      | Chiseanne the Hill Orc Wanderer began the quest for the Orb.
     0 | D:1      | Chiseanne set off with: a +2 hand axe, a potion of curing, a scroll of teleportation, a +0 robe, a bread ration
     0 | D:1      | Reached XP level 1. HP: 16/16 MP: 1/1
    31 | D:1      | Reached XP level 2. HP: 20/23 MP: 2/2
   539 | D:1      | Reached XP level 3. HP: 29/29 MP: 3/3
   673 | D:2      | Reached skill level 6 in Axes
   796 | D:2      | Reached skill level 1 in Dodging
   796 | D:2      | Reached XP level 4. HP: 29/36 MP: 4/4
  1180 | D:2      | Found a faded altar of an unknown god.
  1456 | D:2      | Found an iron altar of Okawaru.
  1730 | D:3      | Found a sparkling altar of Nemelex Xobeh.
  1986 | D:3      | Reached XP level 5. HP: 45/45 MP: 5/5
  2130 | D:3      | Found an ancient bone altar of Kikubaaqudgha.
  2375 | D:4      | Reached XP level 6. HP: 27/52 MP: 6/6
  2400 | D:4      | Became a worshipper of Beogh the Brigand
  2412 | D:4      | Found a burning altar of Makhleb.
  2702 | D:4      | Got a dazzling dagger
  2711 | D:4      | Found a staircase to the Ecumenical Temple.
  2727 | D:4      | Noticed a phantom
  2772 | D:4      | Killed a phantom
  2772 | D:4      | Reached skill level 1 in Invocations
  2824 | D:4      | HP: 2/52 [iguana (2)]
  2826 | D:4      | Slain by an iguana

Vault maps used:
D:1:      sevenhm_arrival_forest_fort_small_6
D:2:      okawaru_ov_weapons_minmay, chequers_ecumenical_altar_island
D:3:      lemuel_zombie_altar_kikubaaqudgha, nemelex_xobeh_ov_fountains_minmay,
          first_bread
D:4:      temple_green, makhleb_blood_cavern_becter

Skill      XL: |  1  2  3  4  5  6 |
---------------+-------------------+-----
Axes           | 6 |  6.1
Fighting       | 2 3 4 |  4.3
Dodging        | 1 2 |  2.2
Armour         | 4 |  4.8
Invocations    | 1 |  1.1
Stealth        | |  1.0
Shields        | |  1.1

Action                   |  1- 3 |  4- 6 || total
-------------------------+-------+-------++-------
Melee: Hand axe          |    84 |   173 ||   257
Throw: Tomahawk          |       |     4 ||     4
Invok: Convert to Beogh  |       |     1 ||     1
Evoke: Wand              |       |     4 ||     4
  Use: Scroll            |       |     9 ||     9
       Potion            |       |     1 ||     1
  Eat: Chunk             |       |     6 ||     6
Armor: Ring mail         |    29 |    16 ||    45
       Robe              |     2 |       ||     2
       Scale mail        |       |    61 ||    61
Dodge: Dodged            |    44 |    93 ||   137

Table legend:
 A = Spawn XP
 B = Non-spawn XP
 C = Spawn XP percentage of total XP
 D = Spawn monster count
 E = Non-spawn monster count
 F = Spawn count percentage of total count
 G = Total turns spent on level
                    A         B        C        D         E        F      G
               +---------+---------+-------+---------+---------+-------+---------
         Total |       0 |     449 |   0.0 |       0 |      70 |   0.0 |  2826
               +---------+---------+-------+---------+---------+-------+---------
           D:1 |       0 |      34 |   0.0 |       0 |      19 |   0.0 |   645
           D:2 |       0 |     108 |   0.0 |       0 |      27 |   0.0 |  1064
           D:3 |       0 |      63 |   0.0 |       0 |      19 |   0.0 |   572
           D:4 |       0 |     244 |   0.0 |       0 |       5 |   0.0 |   545
               +---------+---------+-------+---------+---------+-------+---------
